 Dungeon Crawl Stone Soup version 0.30-a0-622-gddc90eaa04 (webtiles) character file.

Game seed: 196362969401305645

3415 wormed the Destroyer (level 10, 0/74 HPs)
             Began as a Gnoll Wanderer on Jan 11, 2023.
             Was a Believer of Cheibriados.
             Slain by a steam dragon (1 damage)
             ... on level 8 of the Dungeon.
             The game lasted 00:14:31 (8421 turns).

wormed the Destroyer (Gnoll Wanderer)               Turns: 8421, Time: 00:14:31

Health: 0/74       AC:  9    Str: 18    XL:     10   Next: 5%
Magic:  3/20       EV: 25    Int: 20    God:    Cheibriados [**....]
Gold:   493        SH:  0    Dex: 19    Spells: 12/23 levels left

rFire   . . .      SeeInvis .    E - +3 spear (freeze)
rCold   . . .      Faith    .    (no shield)
rNeg    . . .      Spirit   .    z - +2 robe {Will+}
rPois   .          Reflect  .    d - +0 helmet
rElec   .          Harm     .    h - +0 cloak
rCorr   .          Rampage  .    e - +0 pair of gloves
Will    +....                    k - +0 pair of boots
Stlth   +++                      v - amulet of magic regeneration
HPRegen 0.32/turn                g - +5 ring of evasion
MPRegen 0.57/turn                C - +5 ring of evasion

@: very slow
A: fangs 1, strong nose, distributed training
a: Renounce Religion, Bend Time


You were on level 8 of the Dungeon.
You worshipped Cheibriados.
Cheibriados was pleased with you.
You visited 2 branches of the dungeon, and saw 9 of its levels.

You collected 493 gold pieces.

Inventory:

Hand Weapons
 E - a +3 spear of freezing (weapon)
Missiles
 m - 3 atropa-tipped darts
 t - 14 poisoned darts
 J - 3 throwing nets
Armour
 d - a +0 helmet (worn)
 e - a +0 pair of gloves (worn)
 h - a +0 cloak (worn)
 k - a +0 pair of boots (worn)
 l - an orb of energy
 z - a +2 robe of willpower (worn)
 I - a +0 tower shield
Jewellery
 a - a ring of protection from fire
 g - a +5 ring of evasion (left hand)
 i - a ring of see invisible
 v - an amulet of magic regeneration (around neck)
 C - a +5 ring of evasion (right hand)
 D - an amulet of faith
 K - a ring of wizardry
Wands
 B - a wand of charming (8)
 F - a wand of flame (5) (quivered)
Scrolls
 c - 2 scrolls of teleportation
 j - a scroll of silence
 o - 2 scrolls of immolation
 u - a scroll of poison
 y - a scroll of fog
 G - a scroll of identify
Potions
 b - 2 potions of attraction
 f - 4 potions of mutation
 n - a potion of berserk rage
 p - 5 potions of curing
 q - a potion of brilliance
 r - 2 potions of invisibility {unknown}
 s - 2 potions of haste
 w - a potion of flight {unknown}
 A - 2 potions of might {unknown}
 H - 2 potions of cancellation {unknown}


   Skills:
 + Level 5.0 Fighting
 + Level 5.0 Short Blades
 + Level 5.0 Long Blades
 + Level 5.0 Axes
 + Level 5.0 Maces & Flails
 + Level 5.0 Polearms
 + Level 5.0 Staves
 + Level 5.0 Ranged Weapons
 + Level 5.0 Throwing
 + Level 5.0 Armour
 + Level 5.7 Dodging
 + Level 5.0 Stealth
 + Level 5.0 Shields
 + Level 5.0 Unarmed Combat
 + Level 7.2 Spellcasting
 + Level 8.3 Conjurations
 + Level 4.1 Hexes
 + Level 4.1 Summonings
 + Level 4.1 Necromancy
 + Level 4.1 Translocations
 + Level 4.7 Transmutations
 + Level 4.1 Fire Magic
 + Level 4.1 Ice Magic
 + Level 4.1 Air Magic
 + Level 4.1 Earth Magic
 + Level 4.1 Poison Magic
 + Level 5.5 Invocations
 + Level 6.9 Evocations


You had 12 spell levels left.
You knew the following spells:

 Your Spells              Type           Power      Damage    Failure   Level
a - Stone Arrow           Conj/Erth      64%        3d11      2%          3
b - Call Canine Familiar  Summ           23%        N/A       4%          3
c - Summon Lightning Spi  Summ/Air       23%        N/A       17%         4
z - Foxfire               Conj/Fire      100%       2x1d9     1%          1

Your spell library contained the following spells:

 Spells                   Type           Power      Damage    Failure   Level
 Kiss of Death            Conj/Necr      100%       2d13      1%          1
 Sandblast                Erth           46%        2d11      1%          1
 Shock                    Conj/Air       100%       1d9       1%          1
 Slow                     Hex            92%        N/A       1%          1
 Sting                    Tmut/Pois      100%       1d8       1%          1
 Passwall                 Tmut/Erth      20%        N/A       2%          2
 Confusing Touch          Hex            23%        N/A       4%          3
 Frozen Ramparts          Ice            46%        1d7       4%          3
 Ignite Poison            Fire/Tmut/Pois 24%        N/A       4%          3
 Swiftness                Air            23%        N/A       4%          3
 Vampiric Draining        Necr           23%        2d7       4%          3
 Ice Form                 Ice/Tmut       25%        N/A       14%         4
 Petrify                  Tmut/Erth      25%        N/A       14%         4
 Airstrike                Air            11%        2d(2-18)  17%         4
 Summon Ice Beast         Ice/Summ       23%        N/A       17%         4
 Lightning Bolt           Conj/Air       16%        1d30      21%         5
 Iron Shot                Conj/Erth      16%        9d4       73%         6
 Summon Cactus Giant      Summ           11%        N/A       95%         6


Dungeon Overview and Level Annotations

Branches:
Dungeon (8/15)             Temple (1/1) D:5
   Lair: D:8-11

Altars:
Cheibriados
Dithmenos
Elyvilon
Fedhas
Hepliaklqana
Nemelex Xobeh
Okawaru
Qazlal
Sif Muna
Trog
Uskayaw
Wu Jian
Xom
Yredelemnul
Zin
The Shining One

Shops:
D:6 *


Innate Abilities, Weirdness & Mutations

You have very sharp teeth.
Your uncanny sense of smell can sniff out nearby items.
Your experience applies equally to all skills.


Message History

You hear a shout!
You feel much better.
You are engulfed in a cloud of scalding steam.
* * * LOW HITPOINT WARNING * * *
The steam dragon breathes steam at you. The ball of steam misses you.
Something misses you.
You hear a shout!
Casting: Stone Arrow (mildly dangerous; 2% risk of failure)
Confirm with . or Enter, or press ? or * to list all spells.
Aiming: Stone Arrow (mildly dangerous; 2% risk of failure)
Press: ? - help, Shift-Dir - straight line, f - steam dragon
Aim: a steam dragon (steam, almost dead, catching its breath, 74% to hit)
The stone arrow misses the steam dragon.
You are engulfed in a cloud of scalding steam.
The steam dragon closely misses you.
The steam dragon claws you but does no damage.
Something closely misses you.
Casting: Stone Arrow (mildly dangerous; 2% risk of failure)
Confirm with . or Enter, or press ? or * to list all spells.
You don't have enough magic to cast this spell.
Aiming: Throw Flame
Press: ? - help, Q - select action, (/) - cycle Shift-Dir - straight line, f/p - steam dragon
Aim: a steam dragon (almost dead, catching its breath, 74% to hit)
The puff of flame hits the steam dragon.
The steam dragon is almost dead.
You are engulfed in a cloud of scalding steam.
* * * LOW HITPOINT WARNING * * *
The steam dragon misses you. The steam dragon closely misses you.
A sky beast appears from thin air!
Reactivating autopickup.
The sky beast hits you but does no damage.
Aiming: Throw Flame
Press: ? - help, Q - select action, (/) - cycle Shift-Dir - straight line, f/p - steam dragon
Aim: a steam dragon (almost dead, catching its breath, 74% to hit)
The puff of flame hits the steam dragon but does no damage.
The steam dragon is almost dead.
You are engulfed in a cloud of scalding steam.
* * * LOW HITPOINT WARNING * * *
The steam dragon bites you.
You die...

∆ ## .~≈ ∆## ..###
.~≈#∆#(# ......
.~≈.##!.≈§...#.. #
.~≈.!..≈§§..#.# >
#~≈§..≈§§#...#####.##
..§≈≈≈≈§#...........#
.§.~~~~#D....#...#..#
..#..DY@......#.....
#.......§.#.##...##.#
###..###..#.........#
.... #..#.###[##..#
### #§§#.# #.##..#
#.§..###÷##..#
.###.<..<.).....#####
..<.....).............
..#####..#####...#####


You could see 2 steam dragons and a sky beast.

Vanquished Creatures
  A wyvern (D:8)
  A steam dragon (D:7)
  Menkaure (D:7)
  Edmund (D:6)
  An acid dragon (D:8)
  Duvessa (D:4)
  2 orc warriors
  2 black bears
  A sky beast (D:5)
  2 ogres
  A phantom (D:3)
  2 gnoll sergeants
  A scorpion (D:4)
  A bullfrog (D:7)
  2 necrophages
  7 wights
  Dowan (D:4)
  2 howler monkeys (D:7)
  6 hounds
  2 jellies
  A gnoll bouda (D:7)
  4 orc priests
  5 orc wizards
  4 iguanas
  Robin (D:3)
  11 gnolls
  11 adders
  3 ufetubi
  4 worms
  3 dart slugs (D:1)
  13 orcs
  7 ball pythons
  6 endoplasms
  5 giant cockroaches
  15 goblins
  5 hobgoblins
  5 jackals (D:5)
  6 kobolds
  2 quokkas
  6 bats
  6 frilled lizards
  9 rats
170 creatures vanquished.

Vanquished Creatures (collateral kills)
  A sky beast (D:7)
1 creature vanquished.

Vanquished Creatures (others)
  A sky beast (D:8)
  838 foxfires
  A plant (D:7)
840 creatures vanquished.

Grand Total: 1011 creatures vanquished

Notes
Turn   | Place    | Note
-------+----------+-------------------------------------------
     0 | D:1      | wormed the Gnoll Wanderer began the quest for the Orb.
     0 | D:1      | wormed set off with the following items: a +0 dagger, a
                  | potion of attraction, a +0 robe, a piece from Xom's
                  | chessboard (15/15); and the following spells available to
                  | memorise: Foxfire, Kiss of Death, Sting, Stone Arrow,
                  | Ignite Poison.
     0 | D:1      | Reached XP level 1. HP: 13/13 MP: 6/6
    14 | D:1      | Learned a level 1 spell: Foxfire
   120 | D:1      | Reached XP level 2. HP: 19/19 MP: 2/7
   481 | D:1      | Reached skill level 5 in Spellcasting
   481 | D:1      | Reached XP level 3. HP: 24/25 MP: 3/9
   829 | D:1      | Reached skill level 1 in Invocations
  1055 | D:1      | Got the Almanac of the Coarse Band
  1090 | D:1      | Learned a level 3 spell: Call Canine Familiar
  1241 | D:2      | Reached skill level 1 in Fighting
  1241 | D:2      | Reached skill level 1 in Short Blades
  1241 | D:2      | Reached skill level 1 in Long Blades
  1241 | D:2      | Reached skill level 1 in Axes
  1241 | D:2      | Reached skill level 1 in Maces & Flails
  1241 | D:2      | Reached skill level 1 in Polearms
  1241 | D:2      | Reached skill level 1 in Staves
  1241 | D:2      | Reached skill level 1 in Ranged Weapons
  1241 | D:2      | Reached skill level 1 in Throwing
  1241 | D:2      | Reached skill level 1 in Armour
  1241 | D:2      | Reached skill level 1 in Stealth
  1241 | D:2      | Reached skill level 1 in Shields
  1241 | D:2      | Reached skill level 1 in Unarmed Combat
  1606 | D:2      | Reached XP level 4. HP: 32/32 MP: 7/11
  2144 | D:3      | Reached skill level 1 in Hexes
  2144 | D:3      | Reached skill level 1 in Summonings
  2144 | D:3      | Reached skill level 1 in Necromancy
  2144 | D:3      | Reached skill level 1 in Translocations
  2144 | D:3      | Reached skill level 1 in Fire Magic
  2144 | D:3      | Reached skill level 1 in Ice Magic
  2144 | D:3      | Reached skill level 1 in Air Magic
  2144 | D:3      | Reached skill level 1 in Earth Magic
  2144 | D:3      | Reached skill level 1 in Poison Magic
  2586 | D:3      | Noticed a phantom
  2597 | D:3      | Killed a phantom
  2598 | D:3      | Reached XP level 5. HP: 32/37 MP: 3/12
  2978 | D:3      | Noticed Robin
  2985 | D:3      | Killed Robin
  3163 | D:3      | Found a shimmering altar of Xom.
  3210 | D:3      | Found an ornate altar of the Wu Jian Council.
  3625 | D:4      | Reached XP level 6. HP: 44/44 MP: 8/13
  3789 | D:4      | Reached skill level 5 in Evocations
  4030 | D:4      | Noticed Dowan
  4035 | D:4      | Killed Dowan
  4036 | D:4      | Reached XP level 7. HP: 45/51 MP: 3/15
  4110 | D:4      | Noticed Duvessa
  4112 | D:4      | Killed Duvessa
  4454 | D:4      | Found a hide-covered altar of Uskayaw.
  4463 | D:4      | Found a bloodstained altar of Trog.
  4466 | D:4      | Found an iron altar of Okawaru.
  4466 | D:4      | Found a glowing golden altar of the Shining One.
  4473 | D:4      | Found a hazy altar of Hepliaklqana.
  4701 | D:5      | Entered Level 5 of the Dungeon
  4810 | D:5      | Found a staircase to the Ecumenical Temple.
  4818 | Temple   | Entered the Ecumenical Temple
  4823 | Temple   | Became a worshipper of Cheibriados the Contemplative
  5012 | D:5      | Reached XP level 8. HP: 58/58 MP: 13/16
  5363 | D:5      | Reached * piety under Cheibriados
  6118 | D:6      | Noticed Edmund
  6124 | D:6      | Killed Edmund
  6239 | D:6      | Found Fyuvauh's Overcharged Wands.
  6519 | D:6      | Reached XP level 9. HP: 64/65 MP: 18/18
  7271 | D:7      | Reached ** piety under Cheibriados
  7286 | D:7      | Reached skill level 5 in Dodging
  7286 | D:7      | Reached skill level 8 in Conjurations
  7525 | D:7      | Noticed Menkaure
  7528 | D:7      | Killed Menkaure
  7540 | D:7      | Learned a level 3 spell: Stone Arrow
  7545 | D:7      | Learned a level 4 spell: Summon Lightning Spire
  7552 | D:7      | Found a blossoming altar of Fedhas.
  7616 | D:7      | Reached skill level 5 in Invocations
  8411 | D:8      | Reached skill level 5 in Fighting
  8411 | D:8      | Reached skill level 5 in Short Blades
  8411 | D:8      | Reached skill level 5 in Long Blades
  8411 | D:8      | Reached skill level 5 in Axes
  8411 | D:8      | Reached skill level 5 in Maces & Flails
  8411 | D:8      | Reached skill level 5 in Polearms
  8411 | D:8      | Reached skill level 5 in Staves
  8411 | D:8      | Reached skill level 5 in Ranged Weapons
  8411 | D:8      | Reached skill level 5 in Throwing
  8411 | D:8      | Reached skill level 5 in Armour
  8411 | D:8      | Reached skill level 5 in Stealth
  8411 | D:8      | Reached skill level 5 in Shields
  8411 | D:8      | Reached skill level 5 in Unarmed Combat
  8411 | D:8      | Reached XP level 10. HP: 74/74 MP: 14/20
  8421 | D:8      | HP: 1/74 [steam dragon] (8)]
  8421 | D:8      | Slain by a steam dragon

Illustrated notes

Levels and vault maps discovered:
D:1:      dpeg_arrival_shelter, layout_rooms, corner_web_ring, minmay_3d_cube
D:2:      layout_basic, kennysheep_doodads, st_stairs_13
D:3:      layout_loops_ring, minitemple, minmay_vboxes, uniq_robin
D:4:      layout_basic, nicolae_overflow_hallway_of_the_gods, uniq_duvessa
D:5:      layout_cave_pods, temple_statues, nrook_loot_triangle
D:6:      layout_loops_cross, nicolae_shop_overcharged_wands, uniq_edmund
D:7:      layout_loops_ring, fedhas_ov_isle_minmay, grunt_decor_fettered,
          solitary_fountain, uniq_menkaure
D:8:      layout_loops_ring, tgw_kikubaaqudgha, hangedman_misty_isle,
          uniq_psyche
Temple:   cyrus_circular_temple

Skill      XL: |  1  2  3  4  5  6  7  8  9 |
---------------+----------------------------+-----
Transmutations | 2 3 4 |  4.7
Spellcasting   | 5 6 7 |  7.2
Invocations    | 1 2 3 4 5 |  5.5
Fighting       | 1 2 3 5 |  5.0
Short Blades   | 1 2 3 5 |  5.0
Long Blades    | 1 2 3 5 |  5.0
Axes           | 1 2 3 5 |  5.0
Maces & Flails | 1 2 3 5 |  5.0
Polearms       | 1 2 3 5 |  5.0
Staves         | 1 2 3 5 |  5.0
Ranged Weapons | 1 2 3 5 |  5.0
Throwing       | 1 2 3 5 |  5.0
Armour         | 1 2 3 5 |  5.0
Stealth        | 1 2 3 5 |  5.0
Shields        | 1 2 3 5 |  5.0
Unarmed Combat | 1 2 3 5 |  5.0
Hexes          | 1 2 3 4 |  4.1
Summonings     | 1 2 3 4 |  4.1
Necromancy     | 1 2 3 4 |  4.1
Translocations | 1 2 3 4 |  4.1
Fire Magic     | 1 2 3 4 |  4.1
Ice Magic      | 1 2 3 4 |  4.1
Air Magic      | 1 2 3 4 |  4.1
Earth Magic    | 1 2 3 4 |  4.1
Poison Magic   | 1 2 3 4 |  4.1
Dodging        | 3 4 5 |  5.7
Evocations     | 5 6 |  6.9
Conjurations   | 8 |  8.3

Action                   |  1- 3 |  4- 6 |  7- 9 | 10-12 || total
-------------------------+-------+-------+-------+-------++-------
Melee: Dagger            |    15 |    20 |    16 |       ||    51
       Bite              |     4 |     2 |    13 |       ||    19
       Punch             |       |     1 |     1 |       ||     2
       Spear             |       |       |   113 |     1 ||   114
Throw: Dart              |       |       |     2 |       ||     2
 Cast: Foxfire           |    94 |   141 |   257 |       ||   492
       Stone Arrow       |       |       |    18 |     6 ||    24
       Call Canine Famil |       |       |     4 |       ||     4
Evoke: Wand              |       |     2 |     7 |     2 ||    11
  Use: Scroll            |     1 |     9 |     4 |       ||    14
       Potion            |       |       |     1 |     1 ||     2
 Stab: Sleeping          |       |     1 |     4 |       ||     5
       Distracted        |       |       |     1 |       ||     1
Armor: Robe              |     3 |     7 |    31 |     5 ||    46
Dodge: Dodged            |    31 |    34 |   276 |    14 ||   355

Table legend: (Time is in decaauts)
 A = Elapsed time spent in this place.
 B = Non-inter-level travel time spent in this place.
 C = Inter-level travel time spent in this place.
 D = Time resting spent in this place.
 E = Time spent auto-exploring this place.
 F = Levels seen in this place.
 G = Mean time per level.
                   A        B        C        D        E       F      G
               +--------+--------+--------+--------+--------+-----+--------+
         Total |   9317 |   8580 |    737 |    133 |   6890 |   9 | 1035.2 |
       Dungeon |   9305 |   8568 |    737 |    133 |   6890 |   8 | 1163.1 |
        Temple |     11 |     11 |      0 |      0 |      0 |   1 |   11.0 |
               +--------+--------+--------+--------+--------+-----+--------+

Top non-repeatable levels by time:
     D:3: 1616 daAuts
     D:5: 1457 daAuts
     D:6: 1394 daAuts
     D:4: 1287 daAuts
     D:7: 1269 daAuts
     D:1: 1184 daAuts
     D:2: 850 daAuts
     D:8: 245 daAuts
  Temple: 11 daAuts
